[Event "*** Titled Tuesday Blitz"]
[Site "Chess.com"]
[Date "2021.04.20"]
[Round "4"]
[White "MeekMammoth2"]
[Black "ecwinslow"]
[Result "1-0"]
[WhiteElo "2457"]
[BlackElo "2290"]
[TimeControl "180+1"]
[EndTime "10:33:25 PDT"]
[Termination "MeekMammoth2 won by resignation"]

1. e4 c5 2. c3 Nf6 3. e5 Nd5 4. d4 cxd4 5. cxd4 d6 6. Nf3 Nc6 7. Bc4 dxe5 8. Nxe5 e6 9. O-O Bd6 10. Nf3 O-O 11. Nc3 Nb6 12. Bb3 Nb4 13. Re1 Bd7 14. Ne5 Bxe5 15. dxe5 Bc6 16. Qg4 Qd3 17. Qxb4 1-0

[Event "*** Titled Tuesday Blitz"]
[Site "Chess.com"]
[Date "2021.04.20"]
[Round "4"]
[White "manitodeplomo"]
[Black "exoticprincess"]
[Result "0-1"]
[WhiteElo "2571"]
[BlackElo "2920"]
[TimeControl "180+1"]
[EndTime "10:33:36 PDT"]
[Termination "exoticprincess won by resignation"]

1. d4 d5 2. c4 c6 3. Nf3 Nf6 4. Nc3 dxc4 5. e3 Bg4 6. Bxc4 e6 7. h3 Bh5 8. g4 Bg6 9. Ne5 Nbd7 10. Nxg6 hxg6 11. Bf1 Bd6 12. Bg2 Qe7 13. O-O O-O 14.
e4 e5 15. dxe5 Bxe5 16. Qc2 Rfe8 17. Re1 Rad8 18. f4 Bd4+ 19. Kh1 Nxg4 0-1

[Event "*** Titled Tuesday Blitz"]
[Site "Chess.com"]
[Date "2021.04.20"]
[Round "4"]
[White "Irishchessman16"]
[Black "korkmaz16"]
[Result "0-1"]
[WhiteElo "2275"]
[BlackElo "2450"]
[TimeControl "180+1"]
[EndTime "10:33:52 PDT"]
[Termination "korkmaz16 won by resignation"]

1. e4 d5 2. exd5 Nf6 3. d4 Bg4 4. f3 Bf5 5. c4 e6 6. dxe6 Nc6 7. d5 Nb4 8. Na3 Bc5 9. Be2 O-O 10. exf7+ Rxf7 11. Bg5 Qe7 12. Kf1 h6 13. Bh4 Re8 14.
h3 g5 15. Bf2 Bxf2 16. Kxf2 Qe3+ 17. Kf1 Nh5 0-1

[Event "*** Titled Tuesday Blitz"]
[Site "Chess.com"]
[Date "2021.04.20"]
[Round "4"]
[White "chessmadara"]
[Black "Nara_Kh"]
[Result "0-1"]
[WhiteElo "2168"]
[BlackElo "2449"]
[TimeControl "180+1"]
[EndTime "10:33:56 PDT"]
[Termination "Nara_Kh won by resignation"]

1. c4 g6 2. Nf3 Bg7 3. g3 f5 4. Bg2 e5 5. d3 d6 6. O-O Nf6 7. Nc3 O-O 8. b4 c6 9. Rb1 Be6 10. b5 Nbd7 11. Ng5 Nc5 12. Nxe6 Nxe6 13. bxc6 bxc6 14.
Bxc6 Rc8 15. Bb7 Rb8 16. Be3 Qa5 17. Nd5 Ng4 18. Bd2 Qxa2 19. Ra1 Qb2 20. Bc3 Qxb7 0-1

[Event "*** Titled Tuesday Blitz"]
[Site "Chess.com"]
[Date "2021.04.20"]
[Round "4"]
[White "AwareIdea"]
[Black "MateusViageiro"]
[Result "1-0"]
[WhiteElo "2456"]
[BlackElo "2290"]
[TimeControl "180+1"]
[EndTime "10:34:07 PDT"]
[Termination "AwareIdea won by resignation"]

1. d4 Nf6 2. Nc3 d5 3. Bf4 c6 4.
e3 Bf5 5. Nf3 h6 6. Ne5 Nbd7 7.
g4 Bh7 8. h4 Ne4 9. Nxe4 Bxe4 10. f3 Bh7 11. Qd2 e6 12. g5 h5 13.
O-O-O Nxe5 14. Bxe5 Bg6 15. Bd3 Bxd3 16. Qxd3 Qa5 17.
a3 O-O-O 18. f4 Rg8 19. f5 Bd6 20. fxe6 fxe6 21. Qg6 Rge8 22. Bxd6 Rxd6 23. Qxe8+ Rd8 24. Qxe6+ 1-0

[Event "*** Titled Tuesday Blitz"]
[Site "Chess.com"]
[Date "2021.04.20"]
[Round "4"]
[White "dhaessel"]
[Black "tusplingher"]
[Result "0-1"]
[WhiteElo "2082"]
[BlackElo "2254"]
[TimeControl "180+1"]
[EndTime "10:34:22 PDT"]
[Termination "tusplingher won on time"]

1. d4 Nf6 2. c4 e6 3. Nc3 Bb4 4. e3 c5 5. Bd3 cxd4 6. exd4 Nc6 7. Nf3 d5 8. O-O dxc4 9. Bxc4 O-O 10. Bg5 h6 11.
Bh4 a6 12. Qe2 Nxd4 0-1

[Event "*** Titled Tuesday Blitz"]
[Site "Chess.com"]
[Date "2021.04.20"]
[Round "4"]
[White "Sashadav97"]
[Black "chessdiamant"]
[Result "1-0"]
[WhiteElo "2611"]
[BlackElo "2337"]
[TimeControl "180+1"]
[EndTime "10:34:39 PDT"]
[Termination "Sashadav97 won by resignation"]

1. d4 Nf6 2. c4 g6 3. Nc3 Bg7 4. e4 d6 5. Be2 O-O 6. Be3 Nbd7 7. g4 e5 8. d5 Nc5 9. f3 a5 10. h4 Nfd7 11. h5 f5 12. hxg6 hxg6 13. gxf5 gxf5 14. Qd2 f4 15. Bf2 Qg5 16. Bf1 Nf6 17. O-O-O Bd7 18. Bh3 Qh5 19. Be6+ Bxe6 20. Rxh5 Nxh5 21. Bxc5 dxc5 22.
dxe6 Bf6 23. Nd5 Kg7 24. e7 Rfe8 25. Nxc7 1-0

[Event "*** Titled Tuesday Blitz"]
[Site "Chess.com"]
[Date "2021.04.20"]
[Round "4"]
[White "Omk124"]
[Black "losersgame"]
[Result "1-0"]
[WhiteElo "2557"]
[BlackElo "2341"]
[TimeControl "180+1"]
[EndTime "10:34:44 PDT"]
[Termination "Omk124 won by resignation"]

1. e4 e5 2. Nf3 Nc6 3. Bc4 g6 4. O-O Bg7 5. c3 Nge7 6. d4 d6 7. h3 O-O 8. Re1 h6 9. Be3 Kh7 10. Nbd2 exd4 11. Nxd4 Nxd4 12. Bxd4 Bxd4 13. cxd4 d5 14.
exd5 Nxd5 15. Qf3 Be6 16. Ne4 Kg7 17. Nc5 Qf6 18. Bxd5 1-0

[Event "*** Titled Tuesday Blitz"]
[Site "Chess.com"]
[Date "2021.04.20"]
[Round "4"]
[White "MVM2008"]
[Black "vanyakuba"]
[Result "0-1"]
[WhiteElo "2148"]
[BlackElo "2398"]
[TimeControl "180+1"]
[EndTime "10:34:47 PDT"]
[Termination "vanyakuba won by resignation"]

1. e4 d5 2. exd5 Qxd5 3. Nc3 Qa5 4. Nf3 Nf6 5. d4 Bg4 6. h3 Bh5 7. Bc4 Nc6 8. d5 O-O-O 9. g4 Bg6 10. Bd2 Nb4 11.
Nd4 Qc5 12. Qe2 Qxd4 13. Be3 Nxc2+ 14. Qxc2 Qxc4 15. Qd2 Nxd5 16. Qc1 e6 17. Bd2 0-1

[Event "*** Titled Tuesday Blitz"]
[Site "Chess.com"]
[Date "2021.04.20"]
[Round "4"]
[White "Bad_left_hook"]
[Black "Sharpchess22"]
[Result "0-1"]
[WhiteElo "2628"]
[BlackElo "2806"]
[TimeControl "180+1"]
[EndTime "10:34:52 PDT"]
[Termination "Sharpchess22 won by resignation"]

1. b3 e5 2. Bb2 Nc6 3. e3 Nf6 4.
d4 exd4 5. exd4 d5 6. Nf3 Bb4+ 7.
c3 Bd6 8. Be2 O-O 9. O-O Re8 10.
h3 Bf5 11. c4 Nb4 12. Na3 c6 13. Re1 Ne4 14. cxd5 Nxd5 15. Nc4 Bb4 16. Bf1 Bxe1 17. Nxe1 Qh4 18. Qf3 Bg6 19. g3 Qf6 20. Qxf6 gxf6 21. Nd3 Rad8 22. Na5 Re7 23. Ba3 Red7 24. h4 Bf5 25.
Re1 Nd2 26. Bg2 Bxd3 0-1

[Event "*** Titled Tuesday Blitz"]
[Site "Chess.com"]
[Date "2021.04.20"]
[Round "4"]
[White "oskariot"]
[Black "GM_dmitrij"]
[Result "0-1"]
[WhiteElo "2680"]
[BlackElo "2905"]
[TimeControl "180+1"]
[EndTime "10:34:54 PDT"]
[Termination "GM_dmitrij won by resignation"]

1. e4 e5 2. Nf3 Nc6 3. Nc3 Nf6 4.
a3 Be7 5. d4 exd4 6. Nxd4 O-O 7.
Nxc6 bxc6 8. e5 Ne8 9. Bd3 f6 10. Qh5 g6 11. Qe2 fxe5 12. Bh6 Ng7 13. Qxe5 Bf6 14. Qc5 Qe8+ 15. Kf1 d6 16. Qa5 Qf7 17. Ne4 Bxb2 18. Rb1 d5 0-1

[Event "*** Titled Tuesday Blitz"]
[Site "Chess.com"]
[Date "2021.04.20"]
[Round "4"]
[White "Gahan-MG"]
[Black "Mikhal867"]
[Result "0-1"]
[WhiteElo "2612"]
[BlackElo "2446"]
[TimeControl "180+1"]
[EndTime "10:34:57 PDT"]
[Termination "Mikhal867 won by resignation"]

1. e4 g6 2. h4 d5 3. exd5 Nf6 4. c4 c6 5. d4 cxd5 6. Nc3 Bg4 7. Qb3 Nc6 8. cxd5 Na5 9. Qa4+ Bd7 10. Bb5 a6 11.
Bxd7+ Nxd7 12. h5 b5 13. Qc2 Bg7 14. Nf3 Nb6 15. h6 Bf6 16. Qe4 b4 17. Ne2 Qxd5 18. Ng3 O-O 19. Bd2 Nac4 20. Bxb4 Qb5 21. Bc3 Nxb2 22. Rb1 Nd3+ 23. Kd2 Nxf2 24. Qe3 Nc4+ 25.
Ke2 Nxh1 26. Qd3 Nxg3+ 0-1

[Event "*** Titled Tuesday Blitz"]
[Site "Chess.com"]
[Date "2021.04.20"]
[Round "4"]
[White "kingofthenil"]
[Black "draksbg"]
[Result "0-1"]
[WhiteElo "2623"]
[BlackElo "2499"]
[TimeControl "180+1"]
[EndTime "10:34:59 PDT"]
[Termination "draksbg won by checkmate"]

1. e3 g6 2. Ke2 Bg7 3. Kd3 c5 4. Ke4 d5+ 5. Kf3 e5 6. Ke2 f5 7. Ke1 Nf6 8. b3 O-O 9. Bb2 Nc6 10. Bb5 Re8 11. d3 d4 12. Bxc6 bxc6 13. Na3 e4 14. Nc4 Nd5 15. dxe4 fxe4 16. exd4 Qg5 17. g3 Bg4 18. Qc1 e3 19. f4 Nxf4 20. dxc5 Ng2+ 21.
Kf1 Qf5+ 22. Kxg2 Qf2# 0-1

[Event "*** Titled Tuesday Blitz"]
[Site "Chess.com"]
[Date "2021.04.20"]
[Round "4"]
[White "vugarrasulov"]
[Black "szachuspl"]
[Result "1-0"]
[WhiteElo "2831"]
[BlackElo "2549"]
[TimeControl "180+1"]
[EndTime "10:35:02 PDT"]
[Termination "vugarrasulov won by resignation"]

1. Nf3 Nf6 2. c4 g6 3. Nc3 Bg7 4. g3 O-O 5. Bg2 d6 6. O-O c5 7. a3 Nc6 8. Rb1 a5 9. d3 h6 10.
Bd2 Bd7 11. Ne1 Ne8 12. Nc2 Nc7 13. b4 axb4 14. axb4 b6 15. b5 Nd4 16. Bxa8 Qxa8 17. Ra1 Qb7 18. Nxd4 cxd4 19. Na4 Bh3 20. f3 Bxf1 21.
Kxf1 Ne6 22. Nb2 f5 23. Kg2 g5 24. Ra6 Nc5 25. Ra3 Ra8 26. Qa1 Rxa3 27. Qxa3 g4 28. Bb4 Nd7 29. Qa6 Qc7 30. Qa8+ Kh7 31. Qd5 Kg6 32. fxg4 fxg4 33. Qe4+ Kf7 34. Qxg4 Nc5 35. Bxc5 Qxc5 36. Qf3+ Kg8 37. Qd5+ 1-0

[Event "*** Titled Tuesday Blitz"]
[Site "Chess.com"]
[Date "2021.04.20"]
[Round "4"]
[White "OlifantCZ"]
[Black "InitiatingASC"]
[Result "1-0"]
[WhiteElo "2264"]
[BlackElo "2416"]
[TimeControl "180+1"]
[EndTime "10:35:03 PDT"]
[Termination "OlifantCZ won by resignation"]

1. c4 Nf6 2. g3 e6 3. Bg2 d5 4. Nf3 c5 5. O-O Nc6 6. e3 Be7 7. b3 d4 8. exd4 cxd4 9. Re1 O-O 10. Ne5 Nxe5 11. Rxe5 Nd7 12. Re1 Nc5 13. d3 a5 14. Na3 Bf6 15. Nc2 Re8 16. Ba3 Qc7 17. Bxc5 Qxc5 18. a3 Qc7 19. b4 axb4 20. axb4 Bd7 21.
Qg4 e5 22. Qe4 Bc6 23. Qf5 Bxg2 24. Kxg2 Rxa1 25. Rxa1 e4 26. Re1 Re5 27. Rxe4 Qc6 28. Qf3 Rxe4 29. Qxe4 Qxe4+ 30. dxe4 d3 31. Ne3 Bc3 32. b5 Kf8 33. Kf3 Ke7 34. Nd5+ 1-0

[Event "*** Titled Tuesday Blitz"]
[Site "Chess.com"]
[Date "2021.04.20"]
[Round "4"]
[White "Leo_C"]
[Black "nikitakhoroshev"]
[Result "0-1"]
[WhiteElo "2425"]
[BlackElo "2624"]
[TimeControl "180+1"]
[EndTime "10:35:04 PDT"]
[Termination "nikitakhoroshev won by resignation"]

1. d4 Nf6 2. c4 e6 3. Nc3 d5 4. cxd5 exd5 5. Bg5 Bb4 6. e3 h6 7. Bh4 g5 8. Bg3 Ne4 9. Bd3 Nxc3 10. bxc3 Bxc3+ 11. Kf1 Bxa1 12. Qxa1 b6 13. h4 g4 14.
Ne2 Ba6 15. Bxa6 Nxa6 16. Qb1 Qd7 17. Nf4 c6 18. Nd3 f6 19. h5 Nc7 20. Nb4 Rg8 21. Qc2 Ne6 22. Qf5 Rg5 23. Qxf6 Qf7 24. Qh8+ Qf8 25.
Qh7 Qxb4 26. Qb7 Rd8 27. Qxc6+ Kf7 28. f4 gxf3 0-1

[Event "*** Titled Tuesday Blitz"]
[Site "Chess.com"]
[Date "2021.04.20"]
[Round "4"]
[White "Piccadilly123"]
[Black "kuhlmann"]
[Result "1-0"]
[WhiteElo "2241"]
[BlackElo "2403"]
[TimeControl "180+1"]
[EndTime "10:35:13 PDT"]
[Termination "Piccadilly123 won by resignation"]

1. e4 a5 2. d4 g6 3. Bd3 Bg7 4. c3 d6 5. Nf3 Nd7 6. h3 e5 7. O-O Ngf6 8. Re1 O-O 9. Nbd2 b6 10.
Nf1 Bb7 11. Qe2 Re8 12. d5 Nc5 13. Bc2 Ba6 14. Qd1 Nh5 15. b4 Nd7 16. g3 h6 17.
Be3 Rf8 18. Qd2 Kh7 19. g4 Nf4 20. Bxf4 exf4 21. Qxf4 Bxc3 22. Ng3 Qf6 23. Qe3 Bxa1 24. Nh5 gxh5 25. e5+ Qg6 26. Bxg6+ fxg6 27. Rxa1 Nxe5 28. Nxe5 Rae8 29. f4 1-0

[Event "*** Titled Tuesday Blitz"]
[Site "Chess.com"]
[Date "2021.04.20"]
[Round "4"]
[White "Kale36"]
[Black "AlexPapasimakopoulos"]
[Result "0-1"]
[WhiteElo "2300"]
[BlackElo "2607"]
[TimeControl "180+1"]
[EndTime "10:35:18 PDT"]
[Termination "AlexPapasimakopoulos won by resignation"]

1. b3 e5 2. Bb2 d6 3. e3 g6 4. d4 Bg7 5. Nf3 e4 6. Nfd2 f5 7. h4 Nf6 8. c4 O-O 9. d5 c6 10. Nc3 cxd5 11. cxd5 Nbd7 12. h5 Nxh5 13. Rxh5 gxh5 14.
Qxh5 Nf6 15. Qh4 Ng4 16. Qh3 f4 17. exf4 Rxf4 18. O-O-O Nxf2 19. Qh2 Rh4 20. Qg3 Nxd1 21. Nxd1 Rg4 22. Qe3 Bxb2+ 23. Nxb2 Qf6 24. Nbc4 Bf5 25. Kb1 Rc8 26. Qxa7 e3+ 0-1

[Event "*** Titled Tuesday Blitz"]
[Site "Chess.com"]
[Date "2021.04.20"]
[Round "4"]
[White "ChampStan"]
[Black "Genghis_K"]
[Result "0-1"]
[WhiteElo "2094"]
[BlackElo "2922"]
[TimeControl "180+1"]
[EndTime "10:35:21 PDT"]
[Termination "Genghis_K won by resignation"]

1. d4 Nf6 2. c4 c5 3. d5 e6 4. Nc3 exd5 5. cxd5 Bd6 6. e4 O-O 7.
Bd3 Re8 8. Nge2 Bc7 9. O-O d6 10. h3 Nbd7 11. Bf4 a6 12. a4 Rb8 13. Bh2 Ne5 14. Bc2 b5 15. axb5 axb5 16. f4 Nc4 17. b3 Ne3 18. Qd3 Nxc2 19. Qxc2 b4 20. Na4 Nxe4 21. f5 Qg5 22. Bf4 Qf6 23. Bh2 Bxf5 24.
g4 Nc3 25. Naxc3 Bxc2 26. Rxf6 gxf6 0-1

[Event "*** Titled Tuesday Blitz"]
[Site "Chess.com"]
[Date "2021.04.20"]
[Round "4"]
[White "poppy73"]
[Black "Misticpikachu"]
[Result "0-1"]
[WhiteElo "2207"]
[BlackElo "2406"]
[TimeControl "180+1"]
[EndTime "10:35:24 PDT"]
[Termination "Misticpikachu won by resignation"]

1. e4 c5 2. Nf3 Nc6 3. d4 cxd4 4.
Nxd4 Nf6 5. Nc3 e6 6. Be3 Bb4 7. f3 d5 8. exd5 Nxd5 9. Nxc6 bxc6 10. Bd2 O-O 11. Bd3 Qh4+ 12. g3 Qd4 13. Nxd5 cxd5 14.
c3 Qxd3 15. cxb4 Ba6 16. Kf2 Rac8 17. Rc1 Qd4+ 18. Kg2 Rxc1 19. Qxc1 Rc8 20. Bc3 Qd3 21. Re1 d4 22. Rd1 Qe2+ 23. Kg1 dxc3 24. Qxc3 Qxd1+ 0-1

[Event "*** Titled Tuesday Blitz"]
[Site "Chess.com"]
[Date "2021.04.20"]
[Round "4"]
[White "rikyshi"]
[Black "PowerThinking2650"]
[Result "0-1"]
[WhiteElo "2163"]
[BlackElo "2399"]
[TimeControl "180+1"]
[EndTime "10:35:25 PDT"]
[Termination "PowerThinking2650 won by resignation"]

1. d4 Nf6 2. Nc3 d5 3. Bf4 g6 4. e3 Bg7 5. Be2 O-O 6. h4 h5 7. Nf3 c5 8. Nb5 Na6 9. Qd2 Ne4 10. Qd1 Bd7 11. Nd2 Qa5 12. f3 Bxb5 13. Bxb5 Nxd2 14. Bxa6 Nc4+ 15. c3 Qxa6 16. dxc5 Nxb2 17. Qxd5 Nd3+ 18.
Kd2 Nxf4 19. exf4 Rad8 0-1

[Event "*** Titled Tuesday Blitz"]
[Site "Chess.com"]
[Date "2021.04.20"]
[Round "4"]
[White "LawrenceTrent"]
[Black "Zhigalko_Sergei"]
[Result "0-1"]
[WhiteElo "2570"]
[BlackElo "2912"]
[TimeControl "180+1"]
[EndTime "10:35:27 PDT"]
[Termination "Zhigalko_Sergei won by resignation"]

1. e4 c5 2. Nc3 Nc6 3. Bb5 Nd4 4. Nf3 e6 5. O-O a6 6. Bd3 Nxf3+ 7. Qxf3 Bd6 8. Qh3 Qc7 9. b3 Ne7 10. Bb2 Ng6 11.
g3 Be5 12. Rae1 b5 13. Nd1 Bb7 14. f4 Bxb2 15. Nxb2 O-O 16. f5 Ne5 17. f6 Rfc8 18.
Qh4 c4 19. Qg5 Qc5+ 20. Kg2 g6 21. bxc4 Nxd3 22. Qxc5 Nxe1+ 0-1

[Event "*** Titled Tuesday Blitz"]
[Site "Chess.com"]
[Date "2021.04.20"]
[Round "4"]
[White "aljado"]
[Black "Raud100"]
[Result "0-1"]
[WhiteElo "2066"]
[BlackElo "2383"]
[TimeControl "180+1"]
[EndTime "10:35:40 PDT"]
[Termination "Raud100 won by resignation"]

1. e4 d6 2. d4 Nf6 3. Nc3 g6 4. Nf3 Bg7 5. Bc4 O-O 6. O-O Nxe4 7. Bxf7+ Rxf7 8. Nxe4 h6 9. c3 Nc6 10. Qd3 Kh7 11.
Nfg5+ hxg5 12. Nxg5+ Kg8 13. Qxg6 Rf6 14. Qh7+ Kf8 15.
Qh5 Bf5 16. Re1 Qe8 17. Nh7+ Bxh7 18. Qxh7 Qg6 19. Qh3 e5 20. dxe5 Nxe5 21. Be3 Kg8 22. Bd4 Raf8 23. Re2 Nf3+ 24. Kf1 Nxd4 25. cxd4 Rf4 26.
Rae1 Bxd4 27. Qb3+ Kh8 28. Qh3+ Qh7 29. Qg3 Rxf2+ 30.
Rxf2 Rxf2+ 31. Qxf2 Bxf2 32. Kxf2 Qc2+ 0-1

[Event "*** Titled Tuesday Blitz"]
[Site "Chess.com"]
[Date "2021.04.20"]
[Round "4"]
[White "Steegersee"]
[Black "gagtemp"]
[Result "1-0"]
[WhiteElo "2215"]
[BlackElo "1962"]
[TimeControl "180+1"]
[EndTime "10:35:42 PDT"]
[Termination "Steegersee won by resignation"]

1. e4 d5 2. exd5 Qxd5 3. Nc3 Qd6 4. d4 Nf6 5. Nf3 a6 6. Bc4 Bg4 7. O-O Nc6 8. Be3 e6 9. h3 Bh5 10. g4 Bg6 11. Qd2 O-O-O 12. Bf4 Qb4 13. b3 h5 14. a3 Qe7 15. g5 Ne4 16. Qe1 Nxc3 17. Qxc3 h4 18. Bxa6 Be4 19. Nd2 Bf5 20. Qxc6 bxa6 21.
Nc4 Kb8 22. Na5 1-0

[Event "*** Titled Tuesday Blitz"]
[Site "Chess.com"]
[Date "2021.04.20"]
[Round "4"]
[White "FredyMatsuura"]
[Black "FMalexhdez"]
[Result "0-1"]
[WhiteElo "2318"]
[BlackElo "2224"]
[TimeControl "180+1"]
[EndTime "10:35:47 PDT"]
[Termination "FMalexhdez won by resignation"]

1. d4 Nf6 2. c4 e6 3. Nf3 b6 4. g3 Bb7 5. Bg2 c5 6. d5 exd5 7. Nh4 g6 8. cxd5 Bg7 9. Nc3 d6 10. O-O O-O 11. e4 a6 12. a4 Nbd7 13. f4 Re8 14.
Re1 c4 15. Kh1 Nc5 16. e5 Nd3 17. Re2 dxe5 18. fxe5 Rxe5 19. Bf4 Ng4 20. Qd2 Rxe2 21. Qxe2 g5 22. Nf5 gxf4 23. Nxg7 Ngf2+ 24. Kg1 Kxg7 25. Qh5 Qf6 26. Rf1 Qd4 27. h4 Ne4+ 28. Kh2 fxg3+ 0-1

[Event "*** Titled Tuesday Blitz"]
[Site "Chess.com"]
[Date "2021.04.20"]
[Round "4"]
[White "BanjoKazooieN64"]
[Black "Fighter008"]
[Result "1-0"]
[WhiteElo "2450"]
[BlackElo "2610"]
[TimeControl "180+1"]
[EndTime "10:35:49 PDT"]
[Termination "BanjoKazooieN64 won by resignation"]

1. e4 c5 2. Nc3 a6 3. g3 b5 4.
Bg2 Bb7 5. f4 e6 6. d3 g6 7. Qe2 Bg7 8. Nf3 Ne7 9. O-O O-O 10.
Rb1 d6 11. h3 Nbc6 12. Kh2 Rc8 13. Nd1 Qa5 14. a3 Qc7 15. Nf2 Nd4 16. Nxd4 cxd4 17.
Bd2 Qxc2 18. Rfc1 Qb3 19. Bb4 Rfd8 20. g4 Nc6 21. Be1 e5 22. f5 Bh6 23. Bd2 Bg7 24. h4 f6 25. g5 Qf7 26. fxg6 hxg6 27. gxf6 Bxf6 28. Ng4 Bxh4 29. Nh6+ Kg7 30. Nxf7 Kxf7 31. Rf1+ Ke7 32. Qg4 Rh8 33. Bh3 Rc7 34. Qe6+ Kd8 35.
Qxd6+ 1-0

[Event "*** Titled Tuesday Blitz"]
[Site "Chess.com"]
[Date "2021.04.20"]
[Round "4"]
[White "AEMEffi"]
[Black "MustafayevFarid2004"]
[Result "1-0"]
[WhiteElo "2328"]
[BlackElo "2447"]
[TimeControl "180+1"]
[EndTime "10:35:52 PDT"]
[Termination "AEMEffi won by resignation"]

1. d4 d5 2. c4 dxc4 3. Nf3 Nf6 4. e3 e6 5. Bxc4 Be7 6. O-O c5 7. Nc3 a6 8. dxc5 Qxd1 9. Rxd1 Bxc5 10. b3 b5 11. Bf1 Nbd7 12. a4 b4 13. Ne2 Bb7 14. Bb2 Bd5 15. Nd2 Ke7 16. Nf4 Bb7 17. Nd3 Rac8 18.
Nc4 Bd5 19. Nxc5 Nxc5 20. Nb6 Rc6 21. Nxd5+ Nxd5 22. Bc4 Nb6 23. Bxg7 Rg8 24. Bd4 Nxc4 25. bxc4 a5 26. Bxc5+ Rxc5 27. Rd4 Rgc8 28. Rc1 b3 29. g3 Rxc4 30. Rdxc4 1-0

[Event "*** Titled Tuesday Blitz"]
[Site "Chess.com"]
[Date "2021.04.20"]
[Round "4"]
[White "barbara25"]
[Black "ukchessbomber"]
[Result "0-1"]
[WhiteElo "2314"]
[BlackElo "2519"]
[TimeControl "180+1"]
[EndTime "10:35:53 PDT"]
[Termination "ukchessbomber won by resignation"]

1. e4 b6 2. d4 Bb7 3. Nc3 e6 4. f3 c5 5. Be3 cxd4 6. Bxd4 Nc6 7. Be3 Bb4 8. Qd2 Nge7 9. a3 Bxc3 10. Qxc3 O-O 11. h4 Rc8 12. Qd2 d5 13. Bd3 Ne5 14.
Ne2 dxe4 15. fxe4 Nxd3+ 16. cxd3 Ba6 17. Rd1 Qd7 18. O-O Rfd8 19. d4 Nc6 20. Rf2 Na5 21. Bg5 f6 22. Bf4 Nb3 23. Qe3 Bxe2 24. Rxe2 Nxd4 25.
Red2 e5 26. Bg3 Qg4 27. Kh2 Ne6 28. Rxd8+ Rxd8 29. Rxd8+ Nxd8 30. Qb3+ Qe6 31. Qd3 Nf7 32.
Qc3 h6 33. Qc7 a6 34. b4 b5 35. Bf2 h5 36. Bc5 Nh6 37. Qa7 Ng4+ 38. Kg3 Qb3+ 0-1

[Event "*** Titled Tuesday Blitz"]
[Site "Chess.com"]
[Date "2021.04.20"]
[Round "4"]
[White "ErikBlomqvist"]
[Black "MIJuanReyesRosa"]
[Result "1-0"]
[WhiteElo "2586"]
[BlackElo "2047"]
[TimeControl "180+1"]
[EndTime "10:35:58 PDT"]
[Termination "ErikBlomqvist won on time"]

1. e4 c5 2. Nf3 e6 3. c3 d5 4. exd5 exd5 5. d4 Nc6 6. Bb5 Bd6 7. O-O Ne7 8. Re1 O-O 9. dxc5 Bxc5 10. Be3 Bd6 11. Bd3 Bf5 12. Nd4 Bxd3 13. Qxd3 Ne5 14. Qc2 N7g6 15. Nd2 Ng4 16. N2f3 Bf4 17. Bxf4 Nxf4 18.
Qf5 Nxg2 19. Kxg2 Nh6 20. Qf4 1-0

[Event "*** Titled Tuesday Blitz"]
[Site "Chess.com"]
[Date "2021.04.20"]
[Round "4"]
[White "Indianlad"]
[Black "IriBu"]
[Result "1-0"]
[WhiteElo "2912"]
[BlackElo "2563"]
[TimeControl "180+1"]
[EndTime "10:35:59 PDT"]
[Termination "Indianlad won by resignation"]

1. d4 Nf6 2. Bf4 d6 3. Nf3 g6 4. h3 Bg7 5. e3 O-O 6. Be2 b6 7. O-O Bb7 8. a4 a6 9. Bh2 Nbd7 10. c4 c5 11. Nc3 cxd4 12. Nxd4 Rc8 13. Rc1 Ne5 14. b3 Qc7 15. Nf3 e6 16. Nxe5 dxe5 17. Bf3 Bxf3 18. Qxf3 Qc5 19. Rfd1 Rfd8 20. g4 h6 21. h4 g5 22. hxg5 hxg5 23. Kg2 Qb4 24. Bxe5 Rxd1 25. Rxd1 Nxg4 26. Bxg7 Kxg7 27. Qxg4 Qxc3 28.
Qxg5+ Kf8 29. Rd8+ Rxd8 30. Qxd8+ Kg7 31. Qd4+ Qxd4 32.
exd4 Kf6 33. Kf3 Ke7 34. b4 Kd6 35. Ke4 f6 36. f4 a5 37. bxa5 bxa5 38. f5 e5 39. dxe5+ fxe5 40. f6 Ke6 41. f7 Kxf7 42. Kxe5 Ke7 43. Kd5 Kd7 44. Kc5 Kc7 45. Kb5 Kd6 46.
Kb6 1-0

[Event "*** Titled Tuesday Blitz"]
[Site "Chess.com"]
[Date "2021.04.20"]
[Round "4"]
[White "Apocalyps999"]
[Black "GoValya"]
[Result "1-0"]
[WhiteElo "2450"]
[BlackElo "2265"]
[TimeControl "180+1"]
[EndTime "10:35:59 PDT"]
[Termination "Apocalyps999 won by resignation"]

1. e4 g6 2. d4 Bg7 3. Nc3 c6 4. Be3 d5 5. e5 f6 6. exf6 exf6 7. Qd2 Ne7 8. O-O-O O-O 9. Bd3 Bf5 10. h4 b5 11. h5 Bxd3 12. Qxd3 Nd7 13. hxg6 hxg6 14.
Bh6 Bxh6+ 15. Rxh6 Kg7 16. Qh3 Rf7 17. Re1 Ng8 18. Rh8 Kf8 19. Nf3 f5 20. Qh6+ Rg7 21.
Ng5 Nf6 22. Ne6+ 1-0

[Event "*** Titled Tuesday Blitz"]
[Site "Chess.com"]
[Date "2021.04.20"]
[Round "4"]
[White "TheRealPeakyBlinder"]
[Black "DrMamaliga"]
[Result "1-0"]
[WhiteElo "2634"]
[BlackElo "2352"]
[TimeControl "180+1"]
[EndTime "10:36:06 PDT"]
[Termination "TheRealPeakyBlinder won by resignation"]

1. d4 d5 2. Nc3 g6 3. h4 h5 4. Bf4 Bg7 5. e3 Nf6 6. Nf3 O-O 7. Ne5 Nbd7 8. Be2 e6 9. Qd2 c5 10. f3 cxd4 11. exd4 Qb6 12. O-O-O Nxe5 13. Bxe5 Bd7 14. g4 Rac8 15. Kb1 Rc6 16. Bxf6 Bxf6 17. gxh5 Rfc8 18.
Ka1 Qa5 19. hxg6 fxg6 20. Ne4 Qxd2 21. Nxf6+ Kf7 22. Rxd2 Kxf6 23. Bd3 Rh8 24. Rg2 Be8 25. b3 Rc7 26. Rg4 Rch7 27. Rf4+ Ke7 28. Kb2 g5 29. Bxh7 gxf4 30. Bd3 Bh5 31. Rg1 Bxf3 32. Rf1 Be4 33. Bxe4 dxe4 34. Rxf4 e3 35. Kc3 Rc8+ 36.
Kd3 e2 37. Re4 Kf6 38. Rxe2 Kf5 39. Re5+ 1-0

[Event "*** Titled Tuesday Blitz"]
[Site "Chess.com"]
[Date "2021.04.20"]
[Round "4"]
[White "AldokhinIvan"]
[Black "Guzman70"]
[Result "1-0"]
[WhiteElo "2520"]
[BlackElo "2317"]
[TimeControl "180+1"]
[EndTime "10:36:08 PDT"]
[Termination "AldokhinIvan won by resignation"]

1. e4 g6 2. Nf3 Bg7 3. Nc3 d6 4.
d4 a6 5. Bg5 b5 6. Bd3 Bb7 7. O-O Nd7 8. Re1 c5 9. e5 cxd4 10. exd6 dxc3 11. dxe7 Qc7 12. b4 f6 13. Nd4 Nxe7 14. Ne6 Qc6 15. Nxg7+ Kf7 16. Be4 Qc7 17.
Bxb7 Kxg7 18. Rxe7+ Kf8 19. Rxd7 1-0

[Event "*** Titled Tuesday Blitz"]
[Site "Chess.com"]
[Date "2021.04.20"]
[Round "4"]
[White "UKR_Master"]
[Black "chessprincesa1"]
[Result "1/2-1/2"]
[WhiteElo "2484"]
[BlackElo "2334"]
[TimeControl "180+1"]
[EndTime "10:36:12 PDT"]
[Termination "Game drawn by repetition"]

1. e4 e5 2. Nf3 Nc6 3. Bb5 a6 4. Ba4 Nf6 5. O-O b5 6. Bb3 Bc5 7. Nxe5 Nxe5 8. d4 Bxd4 9. Qxd4 d6 10. c3 c5 11. Qe3 O-O 12. Bc2 Re8 13. h3 Bb7 14.
Re1 Nc4 15. Qf4 d5 16. e5 Qc7 17. Qh4 Rxe5 18. Rxe5 Qxe5 19. Bg5 Qe1+ 20. Kh2 Ne4 21.
Bxe4 dxe4 22. b3 Na3 23. Qg3 Kh8 24. Qc7 Bd5 25. Qe5 Be6 26. Bh6 Rg8 27. Bxg7+ Rxg7 28. Qb8+ Rg8 29. Qe5+ Rg7 30. Qb8+ Rg8 31. Qe5+ Rg7 1/2-1/2